Workbook
Name AUVMultiple: Var!$C$9
Name AUVsIn: Var!$C$8
Name CountryList: Var!$B$132:$B$378
Name CountryName: 'MX#10,11'!$C$10
Name CountryTable: Var!$B$132:$C$378
Name InvestigationNumber: Var!$C$4
Name InvestigationPhase: Var!$C$5
Name InvestigationTitle: Var!$C$3
Name IsoCountryCode: 'MX#10,11'!$C$11
Name Name_Counsel: '#1,2,3'!$B$15
Name Name_InterestedParty: '#1,2,3'!$B$18
Name QuantitiesIn: Var!$C$7
Name ValuesIn: Var!$C$6
Name YearForCollection: Var!$C$10

Sheet Var
B3: Investigation title | C3: Standard Steel Welded Wire Mesh from Mexico
B4: Investigation number(s) | C4: 701-TA-653 and 731-TA-1527
B5: Investigation phase | C5: Review | J5: US producer
B6: Values in | C6: dollars | J6: US importer
B7: Quantities in | C7: short tons | J7: Foreign producer or exporter
B8: AUVs in | C8: dollars per short ton
B9: AUV multiple | C9: 1 | D9: Note: Must have a non zero number to have AUVs calculate on data tabs
B10: Year for data collection | C10: 2025
J11: No
B12: INTERNAL USITC INSTRUCTIONS | J12: Yes
B13: (1) input the relevant variable on this tab (lines 3 through 10)
B14: (2) create Imports / foreign industry tab for each subject country:
B15: Change the drop down for at the top of the page to the relevant subject country (line 10) | J15: Public (non-confidential) version
B16: Update the tab name to the 2-digit ISO country code for the country, e.g., BR = Brazil (line 11 should give you the relevant code) | J16: Confidential version: Contains business proprietary information
B17: Create copies of the importers tab and repeat, as needed
B18: (3) Individually lock all tabs from editing using password: eNOIfun
B19: Save password for case somewhere for reference
B20: (4) Hide this tab (Var) so it is not visible to parties, (do so via visual basic editor, selecting "xlSheetVeryHidden") so you cannot right click to unhide the tab
B55: (5) Save as standard file name (EDIS Inv. #_short product name-NOI_worksheet) (701-559_OSBM-NOI_worksheet)
B132: Afghanistan | C132: AF
B133: Åland Islands | C133: AX
B134: Albania | C134: AL
B135: Algeria | C135: DZ
B136: American Samoa | C136: AS
B137: Andorra | C137: AD
B138: Angola | C138: AO
B139: Anguilla | C139: AI
B140: Antarctica | C140: AQ
B141: Antigua and Barbuda | C141: AG
B142: Argentina | C142: AR
B143: Armenia | C143: AM
... B378: Zimbabwe | C378: ZW

Sheet Instruction
A1: START
A3: Instructions on using this worksheet in developing a response to a Commission Notice of Institution relating to:
A4: =InvestigationTitle&"; Inv No(s).: "&InvestigationNumber&" ("&InvestigationPhase&")" -> Standard Steel Welded Wire Mesh from Mexico; Inv No(s).: 701-TA-653 and 731-TA-1527 (Review)
A5: Instructions
A6: ="Data submitted by "&Name_Counsel&"; on behalf of interested party: "&Name_InterestedParty -> Data submitted by ; on behalf of interested party: | C6: *Interested party information will populate once inputted by your firm in “#1,2,3” tab
A9: Pursuant to the Tariff Act of 1930, interested parties are requested to respond to the notice of institution by submitting the information specified in that notice.
A11: The submission of responses to the notice of institution in Excel format allows the Commission to electronically extract data and thus, compile, assess, and analyze submitted data more efficiently and promptly.
A13: This Excel worksheet covers all items mentioned in the Commission’s notice of institution EXCEPT for items 4 and 12. Your responses to required items 4 and 12 and any additional information/documentation you deem necessary for your response will need to be drafted outside of this worksheet. A PDF of this Excel worksheet together with your responses to required items 4 and 12 and any additional information should be compiled and submitted as one EDIS filing.
A15: Each tab corresponds to items as labeled/numbered in the section of the notice entitled “Information To Be Provided In Response To This Notice Of Institution”.
A17: ***For your response to be considered, it must be filed on EDIS.***
A19: Complete additional worksheet(s) if more than ten firms are part of your response.
A21: Multiple firms also have the option to file one consolidated response to the Notice of Institution on behalf of an ad hoc coalition (as firm 1 in tab #1,2,3).
A23: STEP 1: COMPLETE THE WORKSHEET
A25: Please work through and ensure the data inputs do not contain any data entry errors, and that derivative calculations provided in the worksheet appear reasonable. If a "Data Flag" is tripped (and an error message displayed), please revise and correct that data prior to submission to the Commission as appropriate.
A27: Leave blank any fields that are not applicable to your firm.
A29: Do NOT attempt to modify the format or permissions of this worksheet.
A31: Do NOT attempt to delete any rows or tabs from this worksheet.
... A72: END

Sheet #1,2,3
A1: START | B1: START | C1: END
A2: Confidential version: Contains business proprietary information | C2: END | D2: *Select appropriate header (i.e., BPI or Public) from the drop down menu.
A3: =IF(LEFT(A2,6)="Public",_xlfn.CONCAT("Parties should redact business proprietary information"),_xlfn.CONCAT("Parties should designate business proprietary information on this tab using brackets (",CHAR(34),"[",CHAR(34)," and ",CHAR(34),"]",CHAR(34), ") placed around such information")) -> Parties should designate business proprietary information on this tab using brackets ("[" and "]") placed around such information | C3: END
C4: END
A5: Interested party identification in response to a Commission Notice of Institution relating to: | C5: END
A6: =InvestigationTitle&"; Inv No(s).: "&InvestigationNumber&" ("&InvestigationPhase&")" -> Standard Steel Welded Wire Mesh from Mexico; Inv No(s).: 701-TA-653 and 731-TA-1527 (Review) | C6: END
A7: Interested party(ies) | C7: END
A8: ="Data submitted by "&Name_Counsel&"; on behalf of interested party: "&Name_InterestedParty -> Data submitted by ; on behalf of interested party: | C8: END | D8: *Interested party information will populate once inputted by your firm in this tab.
C9: END
C10: END
C11: END
C12: END
C13: END
C14: END
A15: Name of law firm(s) | C15: END | E15: Yes
A16: Name of counsel (lead attorney(s)) | C16: END | E16: No
A17: Counsel email(s) (lead attorney(s)) | C17: END | E17: Mixed
A18: Filed on behalf of (interested party short name): | C18: END
C19: END
C20: END
C21: END
C22: END
C23: END
C24: END
C25: END
C26: END
C27: END
C28: END
C29: END
C30: END
... C37: END
A38: Identifying information for interested party / firm: | C38: END
A39: Firm 1: Name of interested party | C39: END
A40: Firm 1: Street Address | C40: END | D40: =IF(AND(LEN(B39)>0,LEN(B40)=0),"This is a required field","")
A41: Firm 1: City | C41: END | D41: =IF(AND(LEN(B39)>0,LEN(B41)=0),"This is a required field","")
A42: Firm 1: State | C42: END | D42: =IF(AND(LEN(B39)>0,LEN(B42)=0),"This is a required field","")
A43: Firm 1: Zip | C43: END | D43: =IF(AND(LEN(B39)>0,LEN(B43)=0),"This is a required field","")
A44: Firm 1: Country | C44: END | D44: =IF(AND(LEN(B39)>0,LEN(B44)=0),"This is a required field","")
A45: Firm 1: Website | C45: END | D45: =IF(AND(LEN(B39)>0,LEN(B45)=0),"This is a required field","")
A46: Firm 1: Certifying official name | C46: END | D46: =IF(AND(LEN(B39)>0,LEN(B46)=0),"This is a required field","")
A47: Firm 1: Certifying official phone number | C47: END | D47: =IF(AND(LEN(B39)>0,LEN(B47)=0),"This is a required field","")
A48: Firm 1: Certifying official email | C48: END | D48: =IF(AND(LEN(B39)>0,LEN(B48)=0),"This is a required field","")
C49: END
A50: Interested party status (at least one must be marked "yes") SM = subject merchandise; DLP = domestic like product: | C50: END
A51: Firm 1: U.S. producer of DLP | B51: No | C51: END
A52: Firm 1: U.S. importer of SM | B52: No | C52: END
A53: Firm 1: Foreign producer/exporter of SM | B53: No | C53: END
A54: Firm 1: U.S. union or worker group of DLP | B54: No | C54: END
A55: Firm 1: U.S. association/coalition of DLP | B55: No | C55: END
A56: Firm 1: Foreign association/coalition of SM | B56: No | C56: END
A57: Firm 1: Foreign government of SM | B57: No | C57: END
A58: =IF(COUNTIF(B51:B57,"Yes")>0,"","To be considered an interested party at least one item must be marked "&CHAR(34)&"yes"&CHAR(34)) -> To be considered an interested party at least one item must be marked "yes" | C58: END
C59: END
A60: If your firm is both a U.S. Producer of the domestic like product and an importer of the subject merchandise: | C60: END
A61: Firm 1: Does your firm support orders: | C61: END
A62: Firm 1: If "mixed" support, please explain: | C62: END
C63: END
C64: END
A65: If U.S. union or worker group, identify the firms in which your workers are employed: | C65: END
A66: Firm 1: Identify firm(s): | C66: END
A67: =IF(AND(B54="Yes"),"As your firm is a union or group of workers, this field is required.","") | C67: END
C68: END
A69: If U.S. or foreign trade or business association or a coalition of firms/trade associations, identify the firms which are members of your association/coalition and provide a statement addressing the "majority" requirement to be considered an interested party: | C69: END
A70: Firm 1: Indicate how "interested party"? Example: Widget Association consists of 10 individual members, 8 of which are U.S. producers of domestic like product (widgets), hence interested parties. {If your list of association members, is provided in your overall submission but not in this worksheet, please indicate the location.} | C70: END
C71: END
A72: Is your firm/entity willing to participate in this proceeding by providing information requested by the Commission? | C72: END
A73: Firm 1: Willing to participate? | B73: Yes | C73: END
C74: END
C75: END
C76: END
C77: END
C78: END
C79: END
C80: END
C81: END
A82: Identifying information for interested party / firm: | C82: END
A83: Firm 2: Name of interested party | C83: END
A84: Firm 2: Street Address | C84: END | D84: =IF(AND(LEN(B83)>0,LEN(B84)=0),"This is a required field","")
A85: Firm 2: City | C85: END | D85: =IF(AND(LEN(B83)>0,LEN(B85)=0),"This is a required field","")
A86: Firm 2: State | C86: END | D86: =IF(AND(LEN(B83)>0,LEN(B86)=0),"This is a required field","")
A87: Firm 2: Zip | C87: END | D87: =IF(AND(LEN(B83)>0,LEN(B87)=0),"This is a required field","")
A88: Firm 2: Country | C88: END | D88: =IF(AND(LEN(B83)>0,LEN(B88)=0),"This is a required field","")
A89: Firm 2: Website | C89: END | D89: =IF(AND(LEN(B83)>0,LEN(B89)=0),"This is a required field","")
A90: Firm 2: Certifying official name | C90: END | D90: =IF(AND(LEN(B83)>0,LEN(B90)=0),"This is a required field","")
A91: Firm 2: Certifying official phone number | C91: END | D91: =IF(AND(LEN(B83)>0,LEN(B91)=0),"This is a required field","")
A92: Firm 2: Certifying official email | C92: END | D92: =IF(AND(LEN(B83)>0,LEN(B92)=0),"This is a required field","")
C93: END
A94: Interested party status (at least one must be marked "yes") SM = subject merchandise; DLP = domestic like product: | C94: END
A95: Firm 2: U.S. producer of DLP | B95: No | C95: END
A96: Firm 2: U.S. importer of SM | B96: No | C96: END
A97: Firm 2: Foreign producer/exporter of SM | B97: No | C97: END
A98: Firm 2: U.S. union or worker group of DLP | B98: No | C98: END
A99: Firm 2: U.S. association of DLP | B99: No | C99: END
A100: Firm 2: Foreign association of SM | B100: No | C100: END
A101: Firm 2: Foreign government of SM | B101: No | C101: END
A102: =IF(COUNTIF(B95:B101,"Yes")>0,"","To be considered an interested party at least one item must be marked "&CHAR(34)&"yes"&CHAR(34)) -> To be considered an interested party at least one item must be marked "yes" | C102: END
C103: END
A104: If your firm is both a U.S. Producer of the domestic like product and an importer of the subject merchandise: | C104: END
A105: Firm 2: Does your firm support orders: | C105: END
A106: Firm 2: If "mixed" support, please explain: | C106: END
...

Sheet #5,6
A1: START | B1: START
A2: Confidential version: Contains business proprietary information | G2: *Select appropriate header (i.e., BPI or Public) from the drop down menu.
A3: =IF(LEFT(A2,6)="Public",_xlfn.CONCAT("Parties should redact business proprietary information"),_xlfn.CONCAT("Parties should designate business proprietary information on this tab using brackets (",CHAR(34),"[",CHAR(34)," and ",CHAR(34),"]",CHAR(34), ") placed around such information")) -> Parties should designate business proprietary information on this tab using brackets ("[" and "]") placed around such information
A5: Interested party identification in response to a Commission Notice of Institution relating to:
A6: =InvestigationTitle&"; Inv No(s).: "&InvestigationNumber&" ("&InvestigationPhase&")" -> Standard Steel Welded Wire Mesh from Mexico; Inv No(s).: 701-TA-653 and 731-TA-1527 (Review)
A7: List of known U.S. producers, U.S. Importers, and Foreign Producers/Exporters
A8: ="Data submitted by "&Name_Counsel&"; on behalf of interested party: "&Name_InterestedParty -> Data submitted by ; on behalf of interested party: | G8: *Interested party information will populate once inputted by your firm in “#1,2,3” tab
A10: Indicate the number of known U.S. producers of the Domestic Like Product, U.S. importers of the Subject Merchandise, and Foreign Producers/Exporters of the Subject Merchandise in the Subject Country/Countries.
A11: Number of U.S. producers | G11: =IF(LEN(E11)=0,"A response to this field is required","") -> A response to this field is required
A12: Number of U.S. importers | G12: =IF(LEN(E12)=0,"A response to this field is required","") -> A response to this field is required
A13: Number of foreign producers/exporters | G13: =IF(LEN(E13)=0,"A response to this field is required","") -> A response to this field is required
A15: List all known firms reported above (including your firm)
A16: Company type (see drop down) | B16: Company name | C16: Country | D16: Contact email address, if available | E16: OPTIONAL: Other known contact information (e.g., phone, website, address) | F16: END | G16: *dropdown list available in column A. copy and drag feature available
F17: END
F18: END
F19: END
F20: END
F21: END
F22: END
F23: END
F24: END
F25: END
F26: END
F27: END
F28: END
... F1015: END
A1016: END | B1016: END | C1016: END | D1016: END | E1016: END | F1016: END

Sheet #7,8,13
A1: START | B1: START | C1: END
A2: Confidential version: Contains business proprietary information | C2: END | D2: *Select appropriate header (i.e., BPI or Public) from the drop down menu.
A3: =IF(LEFT(A2,6)="Public",_xlfn.CONCAT("Parties should redact business proprietary information"),_xlfn.CONCAT("Parties should designate business proprietary information on this tab using brackets (",CHAR(34),"[",CHAR(34)," and ",CHAR(34),"]",CHAR(34), ") placed around such information")) -> Parties should designate business proprietary information on this tab using brackets ("[" and "]") placed around such information | C3: END
C4: END
A5: Additional information in response to a Commission Notice of Institution relating to: | C5: END
A6: =InvestigationTitle&"; Inv No(s).: "&InvestigationNumber&" ("&InvestigationPhase&")" -> Standard Steel Welded Wire Mesh from Mexico; Inv No(s).: 701-TA-653 and 731-TA-1527 (Review) | C6: END
A7: Purchasers, Sources of Pricing, and Certifications (including related parties) | C7: END | J7: No
A8: ="Data submitted by "&Name_Counsel&"; on behalf of interested party: "&Name_InterestedParty -> Data submitted by ; on behalf of interested party: | C8: END | J8: Yes--In this worksheet
C9: END | J9: Yes--In some other attachment
C10: END
A11: List 3-5 leading purchasers in the U.S. market for the Domestic Like Product and the Subject Merchandise: | C11: END
A12: Purchaser 1: Firm name | C12: END
A13: Purchaser 1: Contact name | C13: END | D13: =IF(AND(LEN(B12)>0,LEN(B13)=0),"This is a required field","")
A14: Purchaser 1: Contact email | C14: END | D14: =IF(AND(LEN(B12)>0,LEN(B14)=0),"This is a required field","")
A15: Purchaser 1: Contact phone number | C15: END | D15: =IF(AND(LEN(B12)>0,LEN(B15)=0),"This is a required field","")
A16: Purchaser 1: Street address | C16: END | D16: =IF(AND(LEN(B12)>0,LEN(B16)=0),"This is a required field","")
A17: Purchaser 1: Firm website | C17: END | D17: =IF(AND(LEN(B12)>0,LEN(B17)=0),"This is a required field","")
C18: END
A19: Purchaser 2: Firm name | C19: END
A20: Purchaser 2: Contact name | C20: END | D20: =IF(AND(LEN(B19)>0,LEN(B20)=0),"This is a required field","")
A21: Purchaser 2: Contact email | C21: END | D21: =IF(AND(LEN(B19)>0,LEN(B21)=0),"This is a required field","")
A22: Purchaser 2: Contact phone number | C22: END | D22: =IF(AND(LEN(B19)>0,LEN(B22)=0),"This is a required field","")
A23: Purchaser 2: Street address | C23: END | D23: =IF(AND(LEN(B19)>0,LEN(B23)=0),"This is a required field","")
A24: Purchaser 2: Firm website | C24: END | D24: =IF(AND(LEN(B19)>0,LEN(B24)=0),"This is a required field","")
C25: END
A26: Purchaser 3: Firm name | C26: END
A27: Purchaser 3: Contact name | C27: END | D27: =IF(AND(LEN(B26)>0,LEN(B27)=0),"This is a required field","")
A28: Purchaser 3: Contact email | C28: END | D28: =IF(AND(LEN(B26)>0,LEN(B28)=0),"This is a required field","")
A29: Purchaser 3: Contact phone number | C29: END | D29: =IF(AND(LEN(B26)>0,LEN(B29)=0),"This is a required field","")
A30: Purchaser 3: Street address | C30: END | D30: =IF(AND(LEN(B26)>0,LEN(B30)=0),"This is a required field","")
A31: Purchaser 3: Firm website | C31: END | D31: =IF(AND(LEN(B26)>0,LEN(B31)=0),"This is a required field","")
C32: END
A33: Purchaser 4: Firm name | C33: END
A34: Purchaser 4: Contact name | C34: END | D34: =IF(AND(LEN(B33)>0,LEN(B34)=0),"This is a required field","")
A35: Purchaser 4: Contact email | C35: END | D35: =IF(AND(LEN(B33)>0,LEN(B35)=0),"This is a required field","")
A36: Purchaser 4: Contact phone number | C36: END | D36: =IF(AND(LEN(B33)>0,LEN(B36)=0),"This is a required field","")
A37: Purchaser 4: Street address | C37: END | D37: =IF(AND(LEN(B33)>0,LEN(B37)=0),"This is a required field","")
A38: Purchaser 4: Firm website | C38: END | D38: =IF(AND(LEN(B33)>0,LEN(B38)=0),"This is a required field","")
C39: END
A40: Purchaser 5: Firm name | C40: END
A41: Purchaser 5: Contact name | C41: END | D41: =IF(AND(LEN(B40)>0,LEN(B41)=0),"This is a required field","")
A42: Purchaser 5: Contact email | C42: END | D42: =IF(AND(LEN(B40)>0,LEN(B42)=0),"This is a required field","")
A43: Purchaser 5: Contact phone number | C43: END | D43: =IF(AND(LEN(B40)>0,LEN(B43)=0),"This is a required field","")
A44: Purchaser 5: Street address | C44: END | D44: =IF(AND(LEN(B40)>0,LEN(B44)=0),"This is a required field","")
A45: Purchaser 5: Firm website | C45: END | D45: =IF(AND(LEN(B40)>0,LEN(B45)=0),"This is a required field","")
C46: END
A47: Are there any known sources of information on national or regional prices for the Domestic Like Product or the Subject Merchandise in the U.S. or other markets? | C47: END
A48: Are you aware of sources? | C48: END
A49: If yes, please list sources separated by commas: (If response is too lengthy and not fully visible in the blue entry field, it must be separately included in your overall submission (i.e., outside of the information compiled in this worksheet)). | C49: END
A50: =IF(AND(B48="Yes",LEN(B49)=0),"Please list the sources you are aware of","") | C50: END
A51: Please confirm the following: | C51: END
C52: END
A53: My overall submission (i.e., outside of the information compiled in this worksheet) includes a statement of the likely effects of revocation/termination of the findings/orders of the suspended investigations on the Domestic Industry in general and/or your firm/entity specifically. In your response, please discuss the various factors specified in section 752(a) of the Act (19 U.S.C. 1675(a)) including the likely volume of subject imports, likely price effects of subject imports, and likely impact of imports of Subject Merchandise on the Domestic Industry. | C53: END
A54: Effects of revocation statement (Yes/No): | C54: END
A55: =IF(LEN(B54)=0,"A response to this question is required","") -> A response to this question is required | C55: END
C56: END
C57: END
A58: My overall submission includes a list of known U.S. producers, U.S. importers, and foreign producers (either in this worksheet or separately). | C58: END
A59: Company lists (Yes/No): | C59: END
C60: END
C61: END
A62: My overall submission (i.e., outside of the information compiled in this worksheet) includes a statement identifying significant changes, if any, in the supply and demand conditions or business cycle for the Domestic Like Product that have occurred in the United States or in the market for the Subject Merchandise in each Subject Country since the most recent Order Date, and significant changes, if any, that are likely to occur within a reasonably foreseeable time. Supply conditions to consider include technology; production methods; development efforts; ability to increase production (including the shift of production facilities used for other products and the use, cost, or availability of major inputs into production); and factors related to the ability to shift supply among different national markets (including barriers to importation in foreign markets or changes in market demand abroad). Demand conditions to consider include end uses and applications; the existence and availability of substitute products; and the level of competition among the Domestic Like Product produced in the United States, Subject Merchandise produced in each Subject Country, and such merchandise from other countries. | C62: END
A63: Conditions of competition statement (Yes/No): | C63: END
A64: =IF(LEN(B63)=0,"A response to this question is required","") -> A response to this question is required | C64: END
C65: END
C66: END
A67: OPTIONAL: My overall submission (i.e., outside of the information compiled in this worksheet) includes a statement of whether I agree with the Domestic Like Product and Domestic Industry as defined in the Notice of Instutition. If you disagree with either or both of these definitions, please explain why and provide alternative definitions separately in your overall submission. | C67: END
A68: Domestic industry/product statement: | C68: END
C69: END
A70: Are there any known related parties (as defined in the statute)? | C70: END
A71: Known related parties (Yes/No): | C71: END
C72: END
A73: My overall submission (i.e., inclusive but not limited to the information compiled in this worksheet) includes the identification of any known related parties (as defined in the statute) and the nature of their relationship. | C73: END
A74: Related party statement (Yes/No): | C74: END
A75: =IF(LEN(B74)=0,"A response to this question is required","") -> A response to this question is required | C75: END
C76: END
C77: END
C78: END
C79: END
C80: END
A81: END | B81: END | C81: END

Sheet US#9
A1: START | B1: START | C1: START | D1: START | E1: START | F1: START | G1: START | H1: START | I1: START | J1: START | K1: START | L1: START | M1: START | N1: START | O1: END
B2: U.S. producers' data for a response to a Commission Notice of Institution relating to: | O2: END
B3: =InvestigationTitle&"; Inv No(s).: "&InvestigationNumber&" ("&InvestigationPhase&")" -> Standard Steel Welded Wire Mesh from Mexico; Inv No(s).: 701-TA-653 and 731-TA-1527 (Review) | O3: END
B4: U.S. producers | O4: END
B5: ="Data submitted by "&Name_Counsel&"; on behalf of interested party: "&Name_InterestedParty -> Data submitted by ; on behalf of interested party: | O5: END
O6: END
E7: Confidential version: Contains business proprietary information | O7: END
O8: END
B9: ="SUMMARY TRADE AND FINANCIAL DATA: "&YearForCollection -> SUMMARY TRADE AND FINANCIAL DATA: 2025 | O9: END
D10: Year: | E10: =YearForCollection -> 2025 | F10: =YearForCollection -> 2025 | G10: =YearForCollection -> 2025 | H10: =YearForCollection -> 2025 | I10: =YearForCollection -> 2025 | J10: =YearForCollection -> 2025 | K10: =YearForCollection -> 2025 | L10: =YearForCollection -> 2025 | ... N10: =YearForCollection -> 2025 | O10: END
D11: All firms | E11: Firm 1 | F11: Firm 2 | G11: Firm 3 | H11: Firm 4 | I11: Firm 5 | J11: Firm 6 | K11: Firm 7 | L11: Firm 8 | M11: Firm 9 | N11: Firm 10 | O11: END
A12: Question | B12: Data element | C12: Unit of measure | D12: Summation | E12: =LEFT($C$54,12) -> 0 | F12: =LEFT($C$55,12) -> 0 | G12: =LEFT($C$56,12) -> 0 | H12: =LEFT($C$57,12) -> 0 | I12: =LEFT($C$58,12) -> 0 | J12: =LEFT($C$59,12) -> 0 | K12: =LEFT($C$60,12) -> 0 | L12: =LEFT($C$61,12) -> 0 | M12: =LEFT($C$62,12) -> 0 | N12: =LEFT($C$63,12) -> 0 | O12: END
O13: END
A14: 9b | B14: Capacity quantity | C14: =QuantitiesIn -> short tons | D14: =SUM(E14:N14) -> 0 | E14: 0 | F14: 0 | G14: 0 | H14: 0 | I14: 0 | J14: 0 | K14: 0 | L14: 0 | M14: 0 | N14: 0 | O14: END
A15: 9a | B15: Production quantity | C15: =QuantitiesIn -> short tons | D15: =SUM(E15:N15) -> 0 | E15: 0 | F15: 0 | G15: 0 | H15: 0 | I15: 0 | J15: 0 | K15: 0 | L15: 0 | M15: 0 | N15: 0 | O15: END
A16: 9c | B16: Commercial U.S. shipments quantity | C16: =QuantitiesIn -> short tons | D16: =SUM(E16:N16) -> 0 | E16: 0 | F16: 0 | G16: 0 | H16: 0 | I16: 0 | J16: 0 | K16: 0 | L16: 0 | M16: 0 | N16: 0 | O16: END
A17: 9c | B17: Commercial U.S. shipments value | C17: =ValuesIn -> dollars | D17: =SUM(E17:N17) -> 0 | E17: 0 | F17: 0 | G17: 0 | H17: 0 | I17: 0 | J17: 0 | K17: 0 | L17: 0 | M17: 0 | N17: 0 | O17: END
A18: 9d | B18: IC/TR in the US quantity | C18: =QuantitiesIn -> short tons | D18: =SUM(E18:N18) -> 0 | E18: 0 | F18: 0 | G18: 0 | H18: 0 | I18: 0 | J18: 0 | K18: 0 | L18: 0 | M18: 0 | N18: 0 | O18: END
A19: 9d | B19: IC/TR in the US value | C19: =ValuesIn -> dollars | D19: =SUM(E19:N19) -> 0 | E19: 0 | F19: 0 | G19: 0 | H19: 0 | I19: 0 | J19: 0 | K19: 0 | L19: 0 | M19: 0 | N19: 0 | O19: END
A20: 9a | B20: Estimated share of total U.S. production | C20: Percent | E20: 0 | F20: 0 | G20: 0 | H20: 0 | I20: 0 | J20: 0 | K20: 0 | L20: 0 | M20: 0 | N20: 0 | O20: END
B21: =CONCATENATE("Flag: ",B20) -> Flag: Estimated share of total U.S. production | E21: =IF(E15>0,IF(E20>0,"","Missing"),"") | F21: =IF(F15>0,IF(F20>0,"","Missing"),"") | G21: =IF(G15>0,IF(G20>0,"","Missing"),"") | H21: =IF(H15>0,IF(H20>0,"","Missing"),"") | I21: =IF(I15>0,IF(I20>0,"","Missing"),"") | J21: =IF(J15>0,IF(J20>0,"","Missing"),"") | K21: =IF(K15>0,IF(K20>0,"","Missing"),"") | L21: =IF(L15>0,IF(L20>0,"","Missing"),"") | ... N21: =IF(N15>0,IF(N20>0,"","Missing"),"") | O21: END
O22: END
B23: IC/TR = Internal consumption or transfers to related firms | D23: Year: | E23: =YearForCollection -> 2025 | F23: =YearForCollection -> 2025 | G23: =YearForCollection -> 2025 | H23: =YearForCollection -> 2025 | I23: =YearForCollection -> 2025 | J23: =YearForCollection -> 2025 | K23: =YearForCollection -> 2025 | L23: =YearForCollection -> 2025 | ... N23: =YearForCollection -> 2025 | O23: END
O24: END
B25: Capacity utilization ratio | C25: Percent | D25: =IF(D26=0,IF(AND(D15=0,D14=0),0,D15/D14*100),"Error") -> 0 | E25: =IF(E26=0,IF(AND(E15=0,E14=0),0,E15/E14*100),"Error") -> 0 | F25: =IF(F26=0,IF(AND(F15=0,F14=0),0,F15/F14*100),"Error") -> 0 | G25: =IF(G26=0,IF(AND(G15=0,G14=0),0,G15/G14*100),"Error") -> 0 | H25: =IF(H26=0,IF(AND(H15=0,H14=0),0,H15/H14*100),"Error") -> 0 | I25: =IF(I26=0,IF(AND(I15=0,I14=0),0,I15/I14*100),"Error") -> 0 | J25: =IF(J26=0,IF(AND(J15=0,J14=0),0,J15/J14*100),"Error") -> 0 | K25: =IF(K26=0,IF(AND(K15=0,K14=0),0,K15/K14*100),"Error") -> 0 | ... N25: =IF(N26=0,IF(AND(N15=0,N14=0),0,N15/N14*100),"Error") -> 0 | O25: END
B26: =CONCATENATE("Flag: ",B25) -> Flag: Capacity utilization ratio | C26: Count | D26: =IF(SUM(E26:N26)>0,1,0) -> 0 | E26: =IF(AND(E15=0,E14=0),0,IF(AND(E14=0,E15>0),1,IF((E15/E14-1)>=0.05,1,0))) -> 0 | F26: =IF(AND(F15=0,F14=0),0,IF(AND(F14=0,F15>0),1,IF((F15/F14-1)>=0.05,1,0))) -> 0 | G26: =IF(AND(G15=0,G14=0),0,IF(AND(G14=0,G15>0),1,IF((G15/G14-1)>=0.05,1,0))) -> 0 | H26: =IF(AND(H15=0,H14=0),0,IF(AND(H14=0,H15>0),1,IF((H15/H14-1)>=0.05,1,0))) -> 0 | I26: =IF(AND(I15=0,I14=0),0,IF(AND(I14=0,I15>0),1,IF((I15/I14-1)>=0.05,1,0))) -> 0 | J26: =IF(AND(J15=0,J14=0),0,IF(AND(J14=0,J15>0),1,IF((J15/J14-1)>=0.05,1,0))) -> 0 | K26: =IF(AND(K15=0,K14=0),0,IF(AND(K14=0,K15>0),1,IF((K15/K14-1)>=0.05,1,0))) -> 0 | L26: =IF(AND(L15=0,L14=0),0,IF(AND(L14=0,L15>0),1,IF((L15/L14-1)>=0.05,1,0))) -> 0 | ... N26: =IF(AND(N15=0,N14=0),0,IF(AND(N14=0,N15>0),1,IF((N15/N14-1)>=0.05,1,0))) -> 0 | O26: END
B27: Commercial sales unit value | C27: =AUVsIn -> dollars per short ton | D27: =IF(AND(D16=0,D17=0),0,IF(D28<1,(D17*AUVMultiple)/D16,"Missing data")) -> 0 | E27: =IF(AND(E16=0,E17=0),0,IF(E28<1,(E17*AUVMultiple)/E16,"Missing data")) -> 0 | F27: =IF(AND(F16=0,F17=0),0,IF(F28<1,(F17*AUVMultiple)/F16,"Missing data")) -> 0 | G27: =IF(AND(G16=0,G17=0),0,IF(G28<1,(G17*AUVMultiple)/G16,"Missing data")) -> 0 | H27: =IF(AND(H16=0,H17=0),0,IF(H28<1,(H17*AUVMultiple)/H16,"Missing data")) -> 0 | I27: =IF(AND(I16=0,I17=0),0,IF(I28<1,(I17*AUVMultiple)/I16,"Missing data")) -> 0 | J27: =IF(AND(J16=0,J17=0),0,IF(J28<1,(J17*AUVMultiple)/J16,"Missing data")) -> 0 | K27: =IF(AND(K16=0,K17=0),0,IF(K28<1,(K17*AUVMultiple)/K16,"Missing data")) -> 0 | ... N27: =IF(AND(N16=0,N17=0),0,IF(N28<1,(N17*AUVMultiple)/N16,"Missing data")) -> 0 | O27: END
B28: =CONCATENATE("Flag: ",B27) -> Flag: Commercial sales unit value | C28: Count | D28: =IF(SUM(E28:N28)>0,1,0) -> 0 | E28: =IF(AND(E16=0,E17=0),0,IF(AND(E16<>0,E17<>0),0,1)) -> 0 | F28: =IF(AND(F16=0,F17=0),0,IF(AND(F16<>0,F17<>0),0,1)) -> 0 | G28: =IF(AND(G16=0,G17=0),0,IF(AND(G16<>0,G17<>0),0,1)) -> 0 | H28: =IF(AND(H16=0,H17=0),0,IF(AND(H16<>0,H17<>0),0,1)) -> 0 | I28: =IF(AND(I16=0,I17=0),0,IF(AND(I16<>0,I17<>0),0,1)) -> 0 | J28: =IF(AND(J16=0,J17=0),0,IF(AND(J16<>0,J17<>0),0,1)) -> 0 | K28: =IF(AND(K16=0,K17=0),0,IF(AND(K16<>0,K17<>0),0,1)) -> 0 | L28: =IF(AND(L16=0,L17=0),0,IF(AND(L16<>0,L17<>0),0,1)) -> 0 | ... N28: =IF(AND(N16=0,N17=0),0,IF(AND(N16<>0,N17<>0),0,1)) -> 0 | O28: END
B29: IC/TR in the US unit value | C29: =AUVsIn -> dollars per short ton | D29: =IF(AND(D18=0,D19=0),0,IF(D30<1,(D19*AUVMultiple)/D18,"Missing data")) -> 0 | E29: =IF(AND(E18=0,E19=0),0,IF(E30<1,(E19*AUVMultiple)/E18,"Missing data")) -> 0 | F29: =IF(AND(F18=0,F19=0),0,IF(F30<1,(F19*AUVMultiple)/F18,"Missing data")) -> 0 | G29: =IF(AND(G18=0,G19=0),0,IF(G30<1,(G19*AUVMultiple)/G18,"Missing data")) -> 0 | H29: =IF(AND(H18=0,H19=0),0,IF(H30<1,(H19*AUVMultiple)/H18,"Missing data")) -> 0 | I29: =IF(AND(I18=0,I19=0),0,IF(I30<1,(I19*AUVMultiple)/I18,"Missing data")) -> 0 | J29: =IF(AND(J18=0,J19=0),0,IF(J30<1,(J19*AUVMultiple)/J18,"Missing data")) -> 0 | K29: =IF(AND(K18=0,K19=0),0,IF(K30<1,(K19*AUVMultiple)/K18,"Missing data")) -> 0 | ... N29: =IF(AND(N18=0,N19=0),0,IF(N30<1,(N19*AUVMultiple)/N18,"Missing data")) -> 0 | O29: END
B30: =CONCATENATE("Flag: ",B29) -> Flag: IC/TR in the US unit value | C30: Count | D30: =IF(SUM(E30:N30)>0,1,0) -> 0 | E30: =IF(AND(E18=0,E19=0),0,IF(AND(E18<>0,E19<>0),0,1)) -> 0 | F30: =IF(AND(F18=0,F19=0),0,IF(AND(F18<>0,F19<>0),0,1)) -> 0 | G30: =IF(AND(G18=0,G19=0),0,IF(AND(G18<>0,G19<>0),0,1)) -> 0 | H30: =IF(AND(H18=0,H19=0),0,IF(AND(H18<>0,H19<>0),0,1)) -> 0 | I30: =IF(AND(I18=0,I19=0),0,IF(AND(I18<>0,I19<>0),0,1)) -> 0 | J30: =IF(AND(J18=0,J19=0),0,IF(AND(J18<>0,J19<>0),0,1)) -> 0 | K30: =IF(AND(K18=0,K19=0),0,IF(AND(K18<>0,K19<>0),0,1)) -> 0 | L30: =IF(AND(L18=0,L19=0),0,IF(AND(L18<>0,L19<>0),0,1)) -> 0 | ... N30: =IF(AND(N18=0,N19=0),0,IF(AND(N18<>0,N19<>0),0,1)) -> 0 | O30: END
B31: US shipments quantity | C31: =QuantitiesIn -> short tons | D31: =D16+D18 -> 0 | E31: =E16+E18 -> 0 | F31: =F16+F18 -> 0 | G31: =G16+G18 -> 0 | H31: =H16+H18 -> 0 | I31: =I16+I18 -> 0 | J31: =J16+J18 -> 0 | K31: =K16+K18 -> 0 | ... N31: =N16+N18 -> 0 | O31: END
B32: US shipments value | C32: =ValuesIn -> dollars | D32: =D17+D19 -> 0 | E32: =E17+E19 -> 0 | F32: =F17+F19 -> 0 | G32: =G17+G19 -> 0 | H32: =H17+H19 -> 0 | I32: =I17+I19 -> 0 | J32: =J17+J19 -> 0 | K32: =K17+K19 -> 0 | ... N32: =N17+N19 -> 0 | O32: END
B33: US shipments unit value | C33: =AUVsIn -> dollars per short ton | D33: =IF(AND(D31=0,D32=0),0,IF(D34<1,(D32*AUVMultiple)/D31,"Missing data")) -> 0 | E33: =IF(AND(E31=0,E32=0),0,IF(E34<1,(E32*AUVMultiple)/E31,"Missing data")) -> 0 | F33: =IF(AND(F31=0,F32=0),0,IF(F34<1,(F32*AUVMultiple)/F31,"Missing data")) -> 0 | G33: =IF(AND(G31=0,G32=0),0,IF(G34<1,(G32*AUVMultiple)/G31,"Missing data")) -> 0 | H33: =IF(AND(H31=0,H32=0),0,IF(H34<1,(H32*AUVMultiple)/H31,"Missing data")) -> 0 | I33: =IF(AND(I31=0,I32=0),0,IF(I34<1,(I32*AUVMultiple)/I31,"Missing data")) -> 0 | J33: =IF(AND(J31=0,J32=0),0,IF(J34<1,(J32*AUVMultiple)/J31,"Missing data")) -> 0 | K33: =IF(AND(K31=0,K32=0),0,IF(K34<1,(K32*AUVMultiple)/K31,"Missing data")) -> 0 | ... N33: =IF(AND(N31=0,N32=0),0,IF(N34<1,(N32*AUVMultiple)/N31,"Missing data")) -> 0 | O33: END
B34: =CONCATENATE("Flag: ",B33) -> Flag: US shipments unit value | C34: Count | D34: =IF(SUM(E34:N34)>0,1,0) -> 0 | E34: =IF((E28+E30)>0,1,0) -> 0 | F34: =IF((F28+F30)>0,1,0) -> 0 | G34: =IF((G28+G30)>0,1,0) -> 0 | H34: =IF((H28+H30)>0,1,0) -> 0 | I34: =IF((I28+I30)>0,1,0) -> 0 | J34: =IF((J28+J30)>0,1,0) -> 0 | K34: =IF((K28+K30)>0,1,0) -> 0 | L34: =IF((L28+L30)>0,1,0) -> 0 | ... N34: =IF((N28+N30)>0,1,0) -> 0 | O34: END
O35: END
D36: Year: | E36: =YearForCollection -> 2025 | F36: =YearForCollection -> 2025 | G36: =YearForCollection -> 2025 | H36: =YearForCollection -> 2025 | I36: =YearForCollection -> 2025 | J36: =YearForCollection -> 2025 | K36: =YearForCollection -> 2025 | L36: =YearForCollection -> 2025 | ... N36: =YearForCollection -> 2025 | O36: END
D37: All firms | E37: Firm 1 | F37: Firm 2 | G37: Firm 3 | H37: Firm 4 | I37: Firm 5 | J37: Firm 6 | K37: Firm 7 | L37: Firm 8 | M37: Firm 9 | N37: Firm 10 | O37: END
A38: Question | B38: Data element | C38: Unit of measure | D38: Summation | E38: =LEFT($C$54,15) -> 0 | F38: =LEFT($C$55,15) -> 0 | G38: =LEFT($C$56,15) -> 0 | H38: =LEFT($C$57,15) -> 0 | I38: =LEFT($C$58,15) -> 0 | J38: =LEFT($C$59,15) -> 0 | K38: =LEFT($C$60,15) -> 0 | L38: =LEFT($C$61,15) -> 0 | M38: =LEFT($C$62,15) -> 0 | N38: =LEFT($C$63,15) -> 0 | O38: END
O39: END
B40: Identify the date on which your fiscal year ends | C40: MM/DD/YYYY | D40: NA | E40: 1 | F40: 1 | G40: 1 | H40: 1 | I40: 1 | J40: 1 | K40: 1 | L40: 1 | M40: 1 | N40: 1 | O40: END
A41: 9e | B41: Net sales value | C41: =ValuesIn -> dollars | D41: =SUM(E41:N41) -> 0 | E41: 0 | F41: 0 | G41: 0 | H41: 0 | I41: 0 | J41: 0 | K41: 0 | L41: 0 | M41: 0 | N41: 0 | O41: END
A42: 9e | B42: Cost of goods sold (COGS) | C42: =ValuesIn -> dollars | D42: =SUM(E42:N42) -> 0 | E42: 0 | F42: 0 | G42: 0 | H42: 0 | I42: 0 | J42: 0 | K42: 0 | L42: 0 | M42: 0 | N42: 0 | O42: END
A43: 9e | B43: Gross profit or (loss) | C43: =ValuesIn -> dollars | D43: =SUM(E43:N43) -> 0 | E43: =E41-E42 -> 0 | F43: =F41-F42 -> 0 | G43: =G41-G42 -> 0 | H43: =H41-H42 -> 0 | I43: =I41-I42 -> 0 | J43: =J41-J42 -> 0 | K43: =K41-K42 -> 0 | L43: =L41-L42 -> 0 | ... N43: =N41-N42 -> 0 | O43: END
A44: 9e | B44: Selling, general and administrative (SG&A) expenses | C44: =ValuesIn -> dollars | D44: =SUM(E44:N44) -> 0 | E44: 0 | F44: 0 | G44: 0 | H44: 0 | I44: 0 | J44: 0 | K44: 0 | L44: 0 | M44: 0 | N44: 0 | O44: END
A45: 9e | B45: Operating income or (loss) | C45: =ValuesIn -> dollars | D45: =SUM(E45:N45) -> 0 | E45: =E43-E44 -> 0 | F45: =F43-F44 -> 0 | G45: =G43-G44 -> 0 | H45: =H43-H44 -> 0 | I45: =I43-I44 -> 0 | J45: =J43-J44 -> 0 | K45: =K43-K44 -> 0 | L45: =L43-L44 -> 0 | ... N45: =N43-N44 -> 0 | O45: END
O46: END
B47: COGS as share of net sales | C47: Percent | D47: =IF(D41>0,D42/D41*100,0) -> 0 | E47: =IF(E41>0,E42/E41*100,0) -> 0 | F47: =IF(F41>0,F42/F41*100,0) -> 0 | G47: =IF(G41>0,G42/G41*100,0) -> 0 | H47: =IF(H41>0,H42/H41*100,0) -> 0 | I47: =IF(I41>0,I42/I41*100,0) -> 0 | J47: =IF(J41>0,J42/J41*100,0) -> 0 | K47: =IF(K41>0,K42/K41*100,0) -> 0 | ... N47: =IF(N41>0,N42/N41*100,0) -> 0 | O47: END
B48: Operating income or (loss) as share of net sales | C48: Percent | D48: =IF(D41>0,D45/D41*100,0) -> 0 | E48: =IF(E41>0,E45/E41*100,0) -> 0 | F48: =IF(F41>0,F45/F41*100,0) -> 0 | G48: =IF(G41>0,G45/G41*100,0) -> 0 | H48: =IF(H41>0,H45/H41*100,0) -> 0 | I48: =IF(I41>0,I45/I41*100,0) -> 0 | J48: =IF(J41>0,J45/J41*100,0) -> 0 | K48: =IF(K41>0,K45/K41*100,0) -> 0 | ... N48: =IF(N41>0,N45/N41*100,0) -> 0 | O48: END
O49: END
B50: Calculation: | O50: END
B51: Difference: Net sales value and US shipments value | C51: =ValuesIn -> dollars | D51: =SUM(E51:N51) -> 0 | E51: =E32-E41 -> 0 | F51: =F32-F41 -> 0 | G51: =G32-G41 -> 0 | H51: =H32-H41 -> 0 | I51: =I32-I41 -> 0 | J51: =J32-J41 -> 0 | K51: =K32-K41 -> 0 | L51: =L32-L41 -> 0 | ... N51: =N32-N41 -> 0 | O51: END
O52: END
C53: Firms names shown below will be input by your firm on the "#1,2,3" tab | D53: Briefly explain differences, if any, (e.g., exports) or other technical caveats to the firm's reported data. If response is too lengthy and not fully visible, it must be submitted separately in your overall submission. | O53: END
B54: Interested party / firm 1 | C54: ='#1,2,3'!B39 -> 0 | D54: =IF(AND(E51<>0,LEN(E54)<2),"Explain","") | O54: END
B55: Interested party / firm 2 | C55: ='#1,2,3'!B83 -> 0 | D55: =IF(AND(F51<>0,LEN(E55)<2),"Explain","") | O55: END
B56: Interested party / firm 3 | C56: ='#1,2,3'!B128 -> 0 | D56: =IF(AND(G51<>0,LEN(E56)<2),"Explain","") | O56: END
B57: Interested party / firm 4 | C57: ='#1,2,3'!B172 -> 0 | D57: =IF(AND(H51<>0,LEN(E57)<2),"Explain","") | O57: END
B58: Interested party / firm 5 | C58: ='#1,2,3'!B217 -> 0 | D58: =IF(AND(I51<>0,LEN(E58)<2),"Explain","") | O58: END
B59: Interested party / firm 6 | C59: ='#1,2,3'!B262 -> 0 | D59: =IF(AND(J51<>0,LEN(E59)<2),"Explain","") | O59: END
B60: Interested party / firm 7 | C60: ='#1,2,3'!B307 -> 0 | D60: =IF(AND(K51<>0,LEN(E60)<2),"Explain","") | O60: END
B61: Interested party / firm 8 | C61: ='#1,2,3'!B352 -> 0 | D61: =IF(AND(L51<>0,LEN(E61)<2),"Explain","") | O61: END
B62: Interested party / firm 9 | C62: ='#1,2,3'!B396 -> 0 | D62: =IF(AND(M51<>0,LEN(E62)<2),"Explain","") | O62: END
B63: Interested party / firm 10 | C63: ='#1,2,3'!B440 -> 0 | D63: =IF(AND(N51<>0,LEN(E63)<2),"Explain","") | O63: END
O64: END
B65: QUESTION ON IMPORTATION BY U.S. PRODUCERS: | D65: Year: | E65: =YearForCollection -> 2025 | F65: =YearForCollection -> 2025 | G65: =YearForCollection -> 2025 | H65: =YearForCollection -> 2025 | I65: =YearForCollection -> 2025 | J65: =YearForCollection -> 2025 | K65: =YearForCollection -> 2025 | L65: =YearForCollection -> 2025 | ... N65: =YearForCollection -> 2025 | O65: END
D66: All firms | E66: Firm 1 | F66: Firm 2 | G66: Firm 3 | H66: Firm 4 | I66: Firm 5 | J66: Firm 6 | K66: Firm 7 | L66: Firm 8 | M66: Firm 9 | N66: Firm 10 | O66: END
E67: =LEFT($C$54,15) -> 0 | F67: =LEFT($C$55,15) -> 0 | G67: =LEFT($C$56,15) -> 0 | H67: =LEFT($C$57,15) -> 0 | I67: =LEFT($C$58,15) -> 0 | J67: =LEFT($C$59,15) -> 0 | K67: =LEFT($C$60,15) -> 0 | L67: =LEFT($C$61,15) -> 0 | M67: =LEFT($C$62,15) -> 0 | N67: =LEFT($C$63,15) -> 0 | O67: END
B68: ="Did your firm (or any firm in association/coalition) import the subject product in "&YearForCollection&"?" -> Did your firm (or any firm in association/coalition) import the subject product in 2025? | O68: END
B69: =IF(COUNTIF(E69:N69,"<-- See note")<10,"Please fill out the relevant import data for each firm in the individual subject country tabs","") | E69: =IF(E68="Yes","<--See note","") | F69: =IF(F68="Yes","<--See note","") | G69: =IF(G68="Yes","<--See note","") | H69: =IF(H68="Yes","<--See note","") | I69: =IF(I68="Yes","<--See note","") | J69: =IF(J68="Yes","<--See note","") | K69: =IF(K68="Yes","<--See note","") | L69: =IF(L68="Yes","<--See note","") | ... N69: =IF(N68="Yes","<--See note","") | O69: END
O70: END
O71: END
E72: Public (non-confidential) version | O72: END
O73: END
B74: SUMMARY TRADE AND FINANCIAL DATA | O74: END
O75: END
C76: Year: | D76: =YearForCollection -> 2025 | O76: END
D77: All firms | E77: Are data public? | O77: END
B78: Data element | C78: Unit of measure | D78: Summation | E78: Status | O78: END
O79: END
B80: Capacity quantity | C80: =QuantitiesIn -> short tons | D80: =IF(F80=1,D14,"Redacted") -> Redacted | E80: No | F80: =IF(E80="Yes",1,0) -> 0 | O80: END
B81: Production quantity | C81: =QuantitiesIn -> short tons | D81: =IF(F81=1,D15,"Redacted") -> Redacted | E81: No | F81: =IF(E81="Yes",1,0) -> 0 | O81: END
B82: Commercial U.S. shipments quantity | C82: =QuantitiesIn -> short tons | D82: =IF(F82=1,D16,"Redacted") -> Redacted | E82: No | F82: =IF(E82="Yes",1,0) -> 0 | O82: END
B83: Commercial U.S. shipments value | C83: =ValuesIn -> dollars | D83: =IF(F83=1,D17,"Redacted") -> Redacted | E83: No | F83: =IF(E83="Yes",1,0) -> 0 | O83: END
B84: IC/TR in the US quantity | C84: =QuantitiesIn -> short tons | D84: =IF(F84=1,D18,"Redacted") -> Redacted | E84: No | F84: =IF(E84="Yes",1,0) -> 0 | O84: END
B85: IC/TR in the US value | C85: =ValuesIn -> dollars | D85: =IF(F85=1,D19,"Redacted") -> Redacted | E85: No | F85: =IF(E85="Yes",1,0) -> 0 | O85: END
O86: END
B87: Capacity utilization ratio | C87: Percent | D87: =IF(F87=1,D25,"Redacted") -> Redacted | F87: =F80*F81 -> 0 | O87: END
B88: =CONCATENATE("Flag: ",B87) -> Flag: Capacity utilization ratio | C88: Count | D88: =IF(F88=1,D26,"Redacted") -> Redacted | F88: =F87 -> 0 | O88: END
B89: Commercial sales unit value | C89: =AUVsIn -> dollars per short ton | D89: =IF(F89=1,D27,"Redacted") -> Redacted | F89: =F82*F83 -> 0 | O89: END
B90: =CONCATENATE("Flag: ",B89) -> Flag: Commercial sales unit value | C90: Count | D90: =IF(F90=1,D28,"Redacted") -> Redacted | F90: =F89 -> 0 | O90: END
B91: IC/TR in the US unit value | C91: =AUVsIn -> dollars per short ton | D91: =IF(F91=1,D29,"Redacted") -> Redacted | F91: =F84*F85 -> 0 | O91: END
B92: =CONCATENATE("Flag: ",B91) -> Flag: IC/TR in the US unit value | C92: Count | D92: =IF(F92=1,D30,"Redacted") -> Redacted | F92: =F91 -> 0 | O92: END
B93: US shipments quantity | C93: =QuantitiesIn -> short tons | D93: =IF(F93=1,D31,"Redacted") -> Redacted | F93: =F82*F84 -> 0 | O93: END
B94: US shipments value | C94: =ValuesIn -> dollars | D94: =IF(F94=1,D32,"Redacted") -> Redacted | F94: =F83*F85 -> 0 | O94: END
B95: US shipments unit value | C95: =AUVsIn -> dollars per short ton | D95: =IF(F95=1,D33,"Redacted") -> Redacted | F95: =F93*F94 -> 0 | O95: END
B96: =CONCATENATE("Flag: ",B95) -> Flag: US shipments unit value | C96: Count | D96: =IF(F96=1,D34,"Redacted") -> Redacted | F96: =F95 -> 0 | O96: END
O97: END
O98: END
B99: Net sales value | C99: =ValuesIn -> dollars | D99: =IF(F99=1,D41,"Redacted") -> Redacted | E99: No | F99: =IF(E99="Yes",1,0) -> 0 | O99: END
B100: Cost of goods sold (COGS) | C100: =ValuesIn -> dollars | D100: =IF(F100=1,D42,"Redacted") -> Redacted | E100: No | F100: =IF(E100="Yes",1,0) -> 0 | O100: END
...

Sheet MX#10,11
A1: START | B1: START | C1: START | D1: START | E1: START | F1: START | G1: START | H1: START | I1: START | J1: START | K1: START | L1: START | M1: START | N1: START | O1: END
B2: U.S. importers/Foreign producers'/Foreign exporters' data for a response to a Commission Notice of Institution relating to: | O2: END
B3: =InvestigationTitle&"; Inv No(s).: "&InvestigationNumber&" ("&InvestigationPhase&")" -> Standard Steel Welded Wire Mesh from Mexico; Inv No(s).: 701-TA-653 and 731-TA-1527 (Review) | O3: END
B4: ="U.S. importers, Foreign Producers/Exporters: "&CountryName -> U.S. importers, Foreign Producers/Exporters: Mexico | O4: END
B5: ="Data submitted by "&Name_Counsel&"; on behalf of interested party: "&Name_InterestedParty -> Data submitted by ; on behalf of interested party: | O5: END
O6: END
E7: Confidential version: Contains business proprietary information | O7: END
O8: END
O9: END
B10: Subject country: | C10: Mexico | O10: END
B11: Iso alpha two digit country code: | C11: =VLOOKUP(CountryName,CountryTable,2,FALSE) -> MX | O11: END
O12: END
B13: Firm type | C13: Firm name | D13: Firms names shown below will be input by your firm on the "#1,2,3" tab | O13: END
O14: END
B15: Interested party / firm 1 | C15: ='#1,2,3'!B39 -> 0 | O15: END
B16: Interested party / firm 2 | C16: ='#1,2,3'!B83 -> 0 | O16: END
B17: Interested party / firm 3 | C17: ='#1,2,3'!B128 -> 0 | O17: END
B18: Interested party / firm 4 | C18: ='#1,2,3'!B172 -> 0 | O18: END
B19: Interested party / firm 5 | C19: ='#1,2,3'!B217 -> 0 | O19: END
B20: Interested party / firm 6 | C20: ='#1,2,3'!B262 -> 0 | O20: END
B21: Interested party / firm 7 | C21: ='#1,2,3'!B307 -> 0 | O21: END
B22: Interested party / firm 8 | C22: ='#1,2,3'!B352 -> 0 | O22: END
B23: Interested party / firm 9 | C23: ='#1,2,3'!B396 -> 0 | O23: END
B24: Interested party / firm 10 | C24: ='#1,2,3'!B440 -> 0 | O24: END
O25: END
O26: END
B27: U.S. IMPORTERS DATA: | O27: END
B28: Note: foreign producer/exporter data are below this section. | O28: END
D29: Year: | E29: =YearForCollection -> 2025 | F29: =YearForCollection -> 2025 | G29: =YearForCollection -> 2025 | H29: =YearForCollection -> 2025 | I29: =YearForCollection -> 2025 | J29: =YearForCollection -> 2025 | K29: =YearForCollection -> 2025 | L29: =YearForCollection -> 2025 | ... N29: =YearForCollection -> 2025 | O29: END
D30: All firms | E30: Firm 1 | F30: Firm 2 | G30: Firm 3 | H30: Firm 4 | I30: Firm 5 | J30: Firm 6 | K30: Firm 7 | L30: Firm 8 | M30: Firm 9 | N30: Firm 10 | O30: END
A31: Question | B31: Data element | C31: Unit of measure | D31: Summation | E31: =LEFT($C$15,15) -> 0 | F31: =LEFT($C$16,15) -> 0 | G31: =LEFT($C$17,15) -> 0 | H31: =LEFT($C$18,15) -> 0 | I31: =LEFT($C$19,15) -> 0 | J31: =LEFT($C$20,15) -> 0 | K31: =LEFT($C$21,15) -> 0 | L31: =LEFT($C$22,15) -> 0 | M31: =LEFT($C$23,15) -> 0 | N31: =LEFT($C$24,15) -> 0 | O31: END
O32: END
A33: 10a | B33: =IsoCountryCode&": "&P33 -> MX: U.S. imports quantity | C33: =QuantitiesIn -> short tons | D33: =SUM(E33:N33) -> 0 | E33: 0 | F33: 0 | G33: 0 | H33: 0 | I33: 0 | J33: 0 | K33: 0 | L33: 0 | M33: 0 | N33: 0 | O33: END | P33: U.S. imports quantity
A34: 10a | B34: =IsoCountryCode&": "&P34 -> MX: U.S. imports value | C34: =ValuesIn -> dollars | D34: =SUM(E34:N34) -> 0 | E34: 0 | F34: 0 | G34: 0 | H34: 0 | I34: 0 | J34: 0 | K34: 0 | L34: 0 | M34: 0 | N34: 0 | O34: END | P34: U.S. imports value
A35: 10b | B35: =IsoCountryCode&": "&P35 -> MX: Commercial U.S. shipments quantity | C35: =QuantitiesIn -> short tons | D35: =SUM(E35:N35) -> 0 | E35: 0 | F35: 0 | G35: 0 | H35: 0 | I35: 0 | J35: 0 | K35: 0 | L35: 0 | M35: 0 | N35: 0 | O35: END | P35: Commercial U.S. shipments quantity
A36: 10b | B36: =IsoCountryCode&": "&P36 -> MX: Commercial U.S. shipments value | C36: =ValuesIn -> dollars | D36: =SUM(E36:N36) -> 0 | E36: 0 | F36: 0 | G36: 0 | H36: 0 | I36: 0 | J36: 0 | K36: 0 | L36: 0 | M36: 0 | N36: 0 | O36: END | P36: Commercial U.S. shipments value
A37: 10c | B37: =IsoCountryCode&": "&P37 -> MX: IC/TR in the U.S. quantity | C37: =QuantitiesIn -> short tons | D37: =SUM(E37:N37) -> 0 | E37: 0 | F37: 0 | G37: 0 | H37: 0 | I37: 0 | J37: 0 | K37: 0 | L37: 0 | M37: 0 | N37: 0 | O37: END | P37: IC/TR in the U.S. quantity
A38: 10c | B38: =IsoCountryCode&": "&P38 -> MX: IC/TR in the U.S. value | C38: =ValuesIn -> dollars | D38: =SUM(E38:N38) -> 0 | E38: 0 | F38: 0 | G38: 0 | H38: 0 | I38: 0 | J38: 0 | K38: 0 | L38: 0 | M38: 0 | N38: 0 | O38: END | P38: IC/TR in the U.S. value
A39: 10a | B39: =IsoCountryCode&": "&P39 -> MX: Estimated share of total U.S. imports | C39: Percent | E39: 0 | F39: 0 | G39: 0 | H39: 0 | I39: 0 | J39: 0 | K39: 0 | L39: 0 | M39: 0 | N39: 0 | O39: END | P39: Estimated share of total U.S. imports
O40: END
B41: IC/TR = internal consumption or transfers to related firms | D41: Year: | E41: =YearForCollection -> 2025 | F41: =YearForCollection -> 2025 | G41: =YearForCollection -> 2025 | H41: =YearForCollection -> 2025 | I41: =YearForCollection -> 2025 | J41: =YearForCollection -> 2025 | K41: =YearForCollection -> 2025 | L41: =YearForCollection -> 2025 | ... N41: =YearForCollection -> 2025 | O41: END
O42: END
B43: =IsoCountryCode&": "&P43 -> MX: US imports unit value | C43: =AUVsIn -> dollars per short ton | D43: =IF(AND(D33=0,D34=0),0,IF(D44<1,(D34*AUVMultiple)/D33,"Missing data")) -> 0 | E43: =IF(AND(E33=0,E34=0),0,IF(E44<1,(E34*AUVMultiple)/E33,"Missing data")) -> 0 | F43: =IF(AND(F33=0,F34=0),0,IF(F44<1,(F34*AUVMultiple)/F33,"Missing data")) -> 0 | G43: =IF(AND(G33=0,G34=0),0,IF(G44<1,(G34*AUVMultiple)/G33,"Missing data")) -> 0 | H43: =IF(AND(H33=0,H34=0),0,IF(H44<1,(H34*AUVMultiple)/H33,"Missing data")) -> 0 | I43: =IF(AND(I33=0,I34=0),0,IF(I44<1,(I34*AUVMultiple)/I33,"Missing data")) -> 0 | J43: =IF(AND(J33=0,J34=0),0,IF(J44<1,(J34*AUVMultiple)/J33,"Missing data")) -> 0 | K43: =IF(AND(K33=0,K34=0),0,IF(K44<1,(K34*AUVMultiple)/K33,"Missing data")) -> 0 | ... N43: =IF(AND(N33=0,N34=0),0,IF(N44<1,(N34*AUVMultiple)/N33,"Missing data")) -> 0 | O43: END | P43: US imports unit value
B44: =CONCATENATE("Flag: ",B43) -> Flag: MX: US imports unit value | C44: Count | D44: =IF(SUM(E44:N44)>0,1,0) -> 0 | E44: =IF(AND(E33=0,E34=0),0,IF(AND(E33<>0,E34<>0),0,1)) -> 0 | F44: =IF(AND(F33=0,F34=0),0,IF(AND(F33<>0,F34<>0),0,1)) -> 0 | G44: =IF(AND(G33=0,G34=0),0,IF(AND(G33<>0,G34<>0),0,1)) -> 0 | H44: =IF(AND(H33=0,H34=0),0,IF(AND(H33<>0,H34<>0),0,1)) -> 0 | I44: =IF(AND(I33=0,I34=0),0,IF(AND(I33<>0,I34<>0),0,1)) -> 0 | J44: =IF(AND(J33=0,J34=0),0,IF(AND(J33<>0,J34<>0),0,1)) -> 0 | K44: =IF(AND(K33=0,K34=0),0,IF(AND(K33<>0,K34<>0),0,1)) -> 0 | L44: =IF(AND(L33=0,L34=0),0,IF(AND(L33<>0,L34<>0),0,1)) -> 0 | ... N44: =IF(AND(N33=0,N34=0),0,IF(AND(N33<>0,N34<>0),0,1)) -> 0 | O44: END | P44: =CONCATENATE("Flag: ",P43) -> Flag: US imports unit value
B45: =IsoCountryCode&": "&P45 -> MX: Commercial sales unit value | C45: =AUVsIn -> dollars per short ton | D45: =IF(AND(D35=0,D36=0),0,IF(D46<1,(D36*AUVMultiple)/D35,"Missing data")) -> 0 | E45: =IF(AND(E35=0,E36=0),0,IF(E46<1,(E36*AUVMultiple)/E35,"Missing data")) -> 0 | F45: =IF(AND(F35=0,F36=0),0,IF(F46<1,(F36*AUVMultiple)/F35,"Missing data")) -> 0 | G45: =IF(AND(G35=0,G36=0),0,IF(G46<1,(G36*AUVMultiple)/G35,"Missing data")) -> 0 | H45: =IF(AND(H35=0,H36=0),0,IF(H46<1,(H36*AUVMultiple)/H35,"Missing data")) -> 0 | I45: =IF(AND(I35=0,I36=0),0,IF(I46<1,(I36*AUVMultiple)/I35,"Missing data")) -> 0 | J45: =IF(AND(J35=0,J36=0),0,IF(J46<1,(J36*AUVMultiple)/J35,"Missing data")) -> 0 | K45: =IF(AND(K35=0,K36=0),0,IF(K46<1,(K36*AUVMultiple)/K35,"Missing data")) -> 0 | ... N45: =IF(AND(N35=0,N36=0),0,IF(N46<1,(N36*AUVMultiple)/N35,"Missing data")) -> 0 | O45: END | P45: Commercial sales unit value
B46: =CONCATENATE("Flag: ",B45) -> Flag: MX: Commercial sales unit value | C46: Count | D46: =IF(SUM(E46:N46)>0,1,0) -> 0 | E46: =IF(AND(E35=0,E36=0),0,IF(AND(E35<>0,E36<>0),0,1)) -> 0 | F46: =IF(AND(F35=0,F36=0),0,IF(AND(F35<>0,F36<>0),0,1)) -> 0 | G46: =IF(AND(G35=0,G36=0),0,IF(AND(G35<>0,G36<>0),0,1)) -> 0 | H46: =IF(AND(H35=0,H36=0),0,IF(AND(H35<>0,H36<>0),0,1)) -> 0 | I46: =IF(AND(I35=0,I36=0),0,IF(AND(I35<>0,I36<>0),0,1)) -> 0 | J46: =IF(AND(J35=0,J36=0),0,IF(AND(J35<>0,J36<>0),0,1)) -> 0 | K46: =IF(AND(K35=0,K36=0),0,IF(AND(K35<>0,K36<>0),0,1)) -> 0 | L46: =IF(AND(L35=0,L36=0),0,IF(AND(L35<>0,L36<>0),0,1)) -> 0 | ... N46: =IF(AND(N35=0,N36=0),0,IF(AND(N35<>0,N36<>0),0,1)) -> 0 | O46: END | P46: =CONCATENATE("Flag: ",P45) -> Flag: Commercial sales unit value
B47: =IsoCountryCode&": "&P47 -> MX: IC/TR in the U.S. unit value | C47: =AUVsIn -> dollars per short ton | D47: =IF(AND(D37=0,D38=0),0,IF(D48<1,(D38*AUVMultiple)/D37,"Missing data")) -> 0 | E47: =IF(AND(E37=0,E38=0),0,IF(E48<1,(E38*AUVMultiple)/E37,"Missing data")) -> 0 | F47: =IF(AND(F37=0,F38=0),0,IF(F48<1,(F38*AUVMultiple)/F37,"Missing data")) -> 0 | G47: =IF(AND(G37=0,G38=0),0,IF(G48<1,(G38*AUVMultiple)/G37,"Missing data")) -> 0 | H47: =IF(AND(H37=0,H38=0),0,IF(H48<1,(H38*AUVMultiple)/H37,"Missing data")) -> 0 | I47: =IF(AND(I37=0,I38=0),0,IF(I48<1,(I38*AUVMultiple)/I37,"Missing data")) -> 0 | J47: =IF(AND(J37=0,J38=0),0,IF(J48<1,(J38*AUVMultiple)/J37,"Missing data")) -> 0 | K47: =IF(AND(K37=0,K38=0),0,IF(K48<1,(K38*AUVMultiple)/K37,"Missing data")) -> 0 | ... N47: =IF(AND(N37=0,N38=0),0,IF(N48<1,(N38*AUVMultiple)/N37,"Missing data")) -> 0 | O47: END | P47: IC/TR in the U.S. unit value
B48: =CONCATENATE("Flag: ",B47) -> Flag: MX: IC/TR in the U.S. unit value | C48: Count | D48: =IF(SUM(E48:N48)>0,1,0) -> 0 | E48: =IF(AND(E37=0,E38=0),0,IF(AND(E37<>0,E38<>0),0,1)) -> 0 | F48: =IF(AND(F37=0,F38=0),0,IF(AND(F37<>0,F38<>0),0,1)) -> 0 | G48: =IF(AND(G37=0,G38=0),0,IF(AND(G37<>0,G38<>0),0,1)) -> 0 | H48: =IF(AND(H37=0,H38=0),0,IF(AND(H37<>0,H38<>0),0,1)) -> 0 | I48: =IF(AND(I37=0,I38=0),0,IF(AND(I37<>0,I38<>0),0,1)) -> 0 | J48: =IF(AND(J37=0,J38=0),0,IF(AND(J37<>0,J38<>0),0,1)) -> 0 | K48: =IF(AND(K37=0,K38=0),0,IF(AND(K37<>0,K38<>0),0,1)) -> 0 | L48: =IF(AND(L37=0,L38=0),0,IF(AND(L37<>0,L38<>0),0,1)) -> 0 | ... N48: =IF(AND(N37=0,N38=0),0,IF(AND(N37<>0,N38<>0),0,1)) -> 0 | O48: END | P48: =CONCATENATE("Flag: ",P47) -> Flag: IC/TR in the U.S. unit value
B49: =IsoCountryCode&": "&P49 -> MX: U.S. shipments quantity | C49: =QuantitiesIn -> short tons | D49: =D35+D37 -> 0 | E49: =E35+E37 -> 0 | F49: =F35+F37 -> 0 | G49: =G35+G37 -> 0 | H49: =H35+H37 -> 0 | I49: =I35+I37 -> 0 | J49: =J35+J37 -> 0 | K49: =K35+K37 -> 0 | ... N49: =N35+N37 -> 0 | O49: END | P49: U.S. shipments quantity
B50: =IsoCountryCode&": "&P50 -> MX: U.S. shipments value | C50: =ValuesIn -> dollars | D50: =D36+D38 -> 0 | E50: =E36+E38 -> 0 | F50: =F36+F38 -> 0 | G50: =G36+G38 -> 0 | H50: =H36+H38 -> 0 | I50: =I36+I38 -> 0 | J50: =J36+J38 -> 0 | K50: =K36+K38 -> 0 | ... N50: =N36+N38 -> 0 | O50: END | P50: U.S. shipments value
B51: =IsoCountryCode&": "&P51 -> MX: U.S. shipments unit value | C51: =AUVsIn -> dollars per short ton | D51: =IF(AND(D49=0,D50=0),0,IF(D52<1,(D50*AUVMultiple)/D49,"Missing data")) -> 0 | E51: =IF(AND(E49=0,E50=0),0,IF(E52<1,(E50*AUVMultiple)/E49,"Missing data")) -> 0 | F51: =IF(AND(F49=0,F50=0),0,IF(F52<1,(F50*AUVMultiple)/F49,"Missing data")) -> 0 | G51: =IF(AND(G49=0,G50=0),0,IF(G52<1,(G50*AUVMultiple)/G49,"Missing data")) -> 0 | H51: =IF(AND(H49=0,H50=0),0,IF(H52<1,(H50*AUVMultiple)/H49,"Missing data")) -> 0 | I51: =IF(AND(I49=0,I50=0),0,IF(I52<1,(I50*AUVMultiple)/I49,"Missing data")) -> 0 | J51: =IF(AND(J49=0,J50=0),0,IF(J52<1,(J50*AUVMultiple)/J49,"Missing data")) -> 0 | K51: =IF(AND(K49=0,K50=0),0,IF(K52<1,(K50*AUVMultiple)/K49,"Missing data")) -> 0 | ... N51: =IF(AND(N49=0,N50=0),0,IF(N52<1,(N50*AUVMultiple)/N49,"Missing data")) -> 0 | O51: END | P51: U.S. shipments unit value
B52: =CONCATENATE("Flag: ",B51) -> Flag: MX: U.S. shipments unit value | C52: Count | D52: =IF(SUM(E52:N52)>0,1,0) -> 0 | E52: =IF((E46+E48)>0,1,0) -> 0 | F52: =IF((F46+F48)>0,1,0) -> 0 | G52: =IF((G46+G48)>0,1,0) -> 0 | H52: =IF((H46+H48)>0,1,0) -> 0 | I52: =IF((I46+I48)>0,1,0) -> 0 | J52: =IF((J46+J48)>0,1,0) -> 0 | K52: =IF((K46+K48)>0,1,0) -> 0 | L52: =IF((L46+L48)>0,1,0) -> 0 | ... N52: =IF((N46+N48)>0,1,0) -> 0 | O52: END | P52: =CONCATENATE("Flag: ",P51) -> Flag: U.S. shipments unit value
O53: END
B54: FOREIGN PRODUCERS OR FOREIGN EXPORTERS' DATA: | O54: END
O55: END
D56: Year: | E56: =YearForCollection -> 2025 | F56: =YearForCollection -> 2025 | G56: =YearForCollection -> 2025 | H56: =YearForCollection -> 2025 | I56: =YearForCollection -> 2025 | J56: =YearForCollection -> 2025 | K56: =YearForCollection -> 2025 | L56: =YearForCollection -> 2025 | ... N56: =YearForCollection -> 2025 | O56: END
D57: All firms | E57: Firm 1 | F57: Firm 2 | G57: Firm 3 | H57: Firm 4 | I57: Firm 5 | J57: Firm 6 | K57: Firm 7 | L57: Firm 8 | M57: Firm 9 | N57: Firm 10 | O57: END
A58: Question | B58: Data element | C58: Unit of measure | D58: Summation | E58: =LEFT($C$15,15) -> 0 | F58: =LEFT($C$16,15) -> 0 | G58: =LEFT($C$17,15) -> 0 | H58: =LEFT($C$18,15) -> 0 | I58: =LEFT($C$19,15) -> 0 | J58: =LEFT($C$20,15) -> 0 | K58: =LEFT($C$21,15) -> 0 | L58: =LEFT($C$22,15) -> 0 | M58: =LEFT($C$23,15) -> 0 | N58: =LEFT($C$24,15) -> 0 | O58: END
O59: END
A60: 11a | B60: =IsoCountryCode&": "&P60 -> MX: Capacity quantity | C60: =QuantitiesIn -> short tons | D60: =SUM(E60:N60) -> 0 | E60: 0 | F60: 0 | G60: 0 | H60: 0 | I60: 0 | J60: 0 | K60: 0 | L60: 0 | M60: 0 | N60: 0 | O60: END | P60: Capacity quantity
A61: 11b | B61: =IsoCountryCode&": "&P61 -> MX: Production quantity | C61: =QuantitiesIn -> short tons | D61: =SUM(E61:N61) -> 0 | E61: 0 | F61: 0 | G61: 0 | H61: 0 | I61: 0 | J61: 0 | K61: 0 | L61: 0 | M61: 0 | N61: 0 | O61: END | P61: Production quantity
A62: 11c | B62: =IsoCountryCode&": "&P62 -> MX: Exports to the United States quantity | C62: =QuantitiesIn -> short tons | D62: =SUM(E62:N62) -> 0 | E62: 0 | F62: 0 | G62: 0 | H62: 0 | I62: 0 | J62: 0 | K62: 0 | L62: 0 | M62: 0 | N62: 0 | O62: END | P62: Exports to the United States quantity
A63: 11c | B63: =IsoCountryCode&": "&P63 -> MX: Exports to the United States value | C63: =ValuesIn -> dollars | D63: =SUM(E63:N63) -> 0 | E63: 0 | F63: 0 | G63: 0 | H63: 0 | I63: 0 | J63: 0 | K63: 0 | L63: 0 | M63: 0 | N63: 0 | O63: END | P63: Exports to the United States value
A64: 11a | B64: =IsoCountryCode&": "&P64 -> MX: Estimated share of total production in country | C64: Percent | E64: 0 | F64: 0 | G64: 0 | H64: 0 | I64: 0 | J64: 0 | K64: 0 | L64: 0 | M64: 0 | N64: 0 | O64: END | P64: Estimated share of total production in country
A65: 11c | B65: =IsoCountryCode&": "&P65 -> MX: Estimated share of total exports to the US | C65: Percent | E65: 0 | F65: 0 | G65: 0 | H65: 0 | I65: 0 | J65: 0 | K65: 0 | L65: 0 | M65: 0 | N65: 0 | O65: END | P65: Estimated share of total exports to the US
O66: END
D67: Year: | E67: =YearForCollection -> 2025 | F67: =YearForCollection -> 2025 | G67: =YearForCollection -> 2025 | H67: =YearForCollection -> 2025 | I67: =YearForCollection -> 2025 | J67: =YearForCollection -> 2025 | K67: =YearForCollection -> 2025 | L67: =YearForCollection -> 2025 | ... N67: =YearForCollection -> 2025 | O67: END
O68: END
B69: =IsoCountryCode&": "&P69 -> MX: Capacity utilization ratio | C69: Percent | D69: =IF(D70=0,IF(AND(D61=0,D60=0),0,D61/D60*100),"Error") -> 0 | E69: =IF(E70=0,IF(AND(E61=0,E60=0),0,E61/E60*100),"Error") -> 0 | F69: =IF(F70=0,IF(AND(F61=0,F60=0),0,F61/F60*100),"Error") -> 0 | G69: =IF(G70=0,IF(AND(G61=0,G60=0),0,G61/G60*100),"Error") -> 0 | H69: =IF(H70=0,IF(AND(H61=0,H60=0),0,H61/H60*100),"Error") -> 0 | I69: =IF(I70=0,IF(AND(I61=0,I60=0),0,I61/I60*100),"Error") -> 0 | J69: =IF(J70=0,IF(AND(J61=0,J60=0),0,J61/J60*100),"Error") -> 0 | K69: =IF(K70=0,IF(AND(K61=0,K60=0),0,K61/K60*100),"Error") -> 0 | ... N69: =IF(N70=0,IF(AND(N61=0,N60=0),0,N61/N60*100),"Error") -> 0 | O69: END | P69: Capacity utilization ratio
B70: =CONCATENATE("Flag: ",B69) -> Flag: MX: Capacity utilization ratio | C70: Count | D70: =IF(SUM(E70:N70)>0,1,0) -> 0 | E70: =IF(AND(E61=0,E60=0),0,IF(AND(E60=0,E61>0),1,IF((E61/E60-1)>=0.05,1,0))) -> 0 | F70: =IF(AND(F61=0,F60=0),0,IF(AND(F60=0,F61>0),1,IF((F61/F60-1)>=0.05,1,0))) -> 0 | G70: =IF(AND(G61=0,G60=0),0,IF(AND(G60=0,G61>0),1,IF((G61/G60-1)>=0.05,1,0))) -> 0 | H70: =IF(AND(H61=0,H60=0),0,IF(AND(H60=0,H61>0),1,IF((H61/H60-1)>=0.05,1,0))) -> 0 | I70: =IF(AND(I61=0,I60=0),0,IF(AND(I60=0,I61>0),1,IF((I61/I60-1)>=0.05,1,0))) -> 0 | J70: =IF(AND(J61=0,J60=0),0,IF(AND(J60=0,J61>0),1,IF((J61/J60-1)>=0.05,1,0))) -> 0 | K70: =IF(AND(K61=0,K60=0),0,IF(AND(K60=0,K61>0),1,IF((K61/K60-1)>=0.05,1,0))) -> 0 | L70: =IF(AND(L61=0,L60=0),0,IF(AND(L60=0,L61>0),1,IF((L61/L60-1)>=0.05,1,0))) -> 0 | ... N70: =IF(AND(N61=0,N60=0),0,IF(AND(N60=0,N61>0),1,IF((N61/N60-1)>=0.05,1,0))) -> 0 | O70: END | P70: Flag: Capacity utilization ratio
B71: =IsoCountryCode&": "&P71 -> MX: Exports to the United States unit value | C71: =AUVsIn -> dollars per short ton | D71: =IF(AND(D62=0,D63=0),0,IF(D72<1,(D63*AUVMultiple)/D62,"Missing data")) -> 0 | E71: =IF(AND(E62=0,E63=0),0,IF(E72<1,(E63*AUVMultiple)/E62,"Missing data")) -> 0 | F71: =IF(AND(F62=0,F63=0),0,IF(F72<1,(F63*AUVMultiple)/F62,"Missing data")) -> 0 | G71: =IF(AND(G62=0,G63=0),0,IF(G72<1,(G63*AUVMultiple)/G62,"Missing data")) -> 0 | H71: =IF(AND(H62=0,H63=0),0,IF(H72<1,(H63*AUVMultiple)/H62,"Missing data")) -> 0 | I71: =IF(AND(I62=0,I63=0),0,IF(I72<1,(I63*AUVMultiple)/I62,"Missing data")) -> 0 | J71: =IF(AND(J62=0,J63=0),0,IF(J72<1,(J63*AUVMultiple)/J62,"Missing data")) -> 0 | K71: =IF(AND(K62=0,K63=0),0,IF(K72<1,(K63*AUVMultiple)/K62,"Missing data")) -> 0 | ... N71: =IF(AND(N62=0,N63=0),0,IF(N72<1,(N63*AUVMultiple)/N62,"Missing data")) -> 0 | O71: END | P71: Exports to the United States unit value
B72: =CONCATENATE("Flag: ",B71) -> Flag: MX: Exports to the United States unit value | C72: Count | D72: =IF(SUM(E72:N72)>0,1,0) -> 0 | E72: =IF(AND(E62=0,E63=0),0,IF(AND(E62<>0,E63<>0),0,1)) -> 0 | F72: =IF(AND(F62=0,F63=0),0,IF(AND(F62<>0,F63<>0),0,1)) -> 0 | G72: =IF(AND(G62=0,G63=0),0,IF(AND(G62<>0,G63<>0),0,1)) -> 0 | H72: =IF(AND(H62=0,H63=0),0,IF(AND(H62<>0,H63<>0),0,1)) -> 0 | I72: =IF(AND(I62=0,I63=0),0,IF(AND(I62<>0,I63<>0),0,1)) -> 0 | J72: =IF(AND(J62=0,J63=0),0,IF(AND(J62<>0,J63<>0),0,1)) -> 0 | K72: =IF(AND(K62=0,K63=0),0,IF(AND(K62<>0,K63<>0),0,1)) -> 0 | L72: =IF(AND(L62=0,L63=0),0,IF(AND(L62<>0,L63<>0),0,1)) -> 0 | ... N72: =IF(AND(N62=0,N63=0),0,IF(AND(N62<>0,N63<>0),0,1)) -> 0 | O72: END | P72: Flag: Exports to the United States unit value
O73: END
O74: END
O75: END
E76: Public (non-confidential) version | O76: END
O77: END
B78: U.S. IMPORTERS, FOREIGN PRODUCERS, AND/OR FOREIGN EXPORTERS DATA | O78: END
O79: END
D80: Year: | O80: END
D81: All firms | E81: Are data public? | O81: END
B82: Data element | C82: Unit of measure | D82: Summation | E82: Status | O82: END
O83: END
B84: =B33 -> MX: U.S. imports quantity | C84: =QuantitiesIn -> short tons | D84: =IF(F84=1,D33,"Redacted") -> Redacted | E84: No | F84: =IF(E84="Yes",1,0) -> 0 | O84: END
B85: =B34 -> MX: U.S. imports value | C85: =ValuesIn -> dollars | D85: =IF(F85=1,D34,"Redacted") -> Redacted | E85: No | F85: =IF(E85="Yes",1,0) -> 0 | O85: END
B86: =B35 -> MX: Commercial U.S. shipments quantity | C86: =QuantitiesIn -> short tons | D86: =IF(F86=1,D35,"Redacted") -> Redacted | E86: No | F86: =IF(E86="Yes",1,0) -> 0 | O86: END
B87: =B36 -> MX: Commercial U.S. shipments value | C87: =ValuesIn -> dollars | D87: =IF(F87=1,D36,"Redacted") -> Redacted | E87: No | F87: =IF(E87="Yes",1,0) -> 0 | O87: END
B88: =B37 -> MX: IC/TR in the U.S. quantity | C88: =QuantitiesIn -> short tons | D88: =IF(F88=1,D37,"Redacted") -> Redacted | E88: No | F88: =IF(E88="Yes",1,0) -> 0 | O88: END
B89: =B38 -> MX: IC/TR in the U.S. value | C89: =ValuesIn -> dollars | D89: =IF(F89=1,D38,"Redacted") -> Redacted | E89: No | F89: =IF(E89="Yes",1,0) -> 0 | O89: END
O90: END
B91: =B43 -> MX: US imports unit value | C91: =AUVsIn -> dollars per short ton | D91: =IF(F91=1,D43,"Redacted") -> Redacted | F91: =F84*F85 -> 0 | O91: END
B92: =B44 -> Flag: MX: US imports unit value | C92: Count | D92: =IF(F92=1,D44,"Redacted") -> Redacted | F92: =F91 -> 0 | O92: END
B93: =B45 -> MX: Commercial sales unit value | C93: =AUVsIn -> dollars per short ton | D93: =IF(F93=1,D45,"Redacted") -> Redacted | F93: =F86*F87 -> 0 | O93: END
B94: =B46 -> Flag: MX: Commercial sales unit value | C94: Count | D94: =IF(F94=1,D46,"Redacted") -> Redacted | F94: =F93 -> 0 | O94: END
B95: =B47 -> MX: IC/TR in the U.S. unit value | C95: =AUVsIn -> dollars per short ton | D95: =IF(F95=1,D47,"Redacted") -> Redacted | F95: =F88*F89 -> 0 | O95: END
B96: =B48 -> Flag: MX: IC/TR in the U.S. unit value | C96: Count | D96: =IF(F96=1,D48,"Redacted") -> Redacted | F96: =F95 -> 0 | O96: END
B97: =B49 -> MX: U.S. shipments quantity | C97: =QuantitiesIn -> short tons | D97: =IF(F97=1,D49,"Redacted") -> Redacted | F97: =F86*F88 -> 0 | O97: END
B98: =B50 -> MX: U.S. shipments value | C98: =ValuesIn -> dollars | D98: =IF(F98=1,D50,"Redacted") -> Redacted | F98: =F87*F89 -> 0 | O98: END
B99: =B51 -> MX: U.S. shipments unit value | C99: =AUVsIn -> dollars per short ton | D99: =IF(F99=1,D51,"Redacted") -> Redacted | F99: =F97*F98 -> 0 | O99: END
B100: =B52 -> Flag: MX: U.S. shipments unit value | C100: Count | D100: =IF(F100=1,D52,"Redacted") -> Redacted | F100: =F99 -> 0 | O100: END
...
